Map: Abyssal Reef LE

Players

Avokado

  • Race: Terran Terran
  • Spawn Location: 11:00

PtitDrogo - Winner!

  • Race: Protoss Protoss
  • Spawn Location: 5:00

Event: WCS Jonkoping 2017

VOD

Have the link to the VOD?

Description

Time

  • Played on: June 17, 2017, 7:02 a.m.
  • Length: 13:17

All games in this series

Show
View Real Time Build Order
Export as new Build Order

Avokado Terran 

Build Orders: Cyclone Opening, Reaper Expand, MMM Bio 

Get SALT Encoding   

  12  0:00  SCV  
  13  0:13  SCV  
  14  0:17  Supply Depot  
  14  0:25  SCV  
  15  0:29  Refinery  
  15  0:38  SCV  
  16  0:44  Barracks  
  16  0:50  SCV  
  17  1:02  SCV  
  18  1:14  SCV  
  19  1:31  Orbital Command  
  19  1:32  Reaper  
  20  1:42  Command Center  
  20  1:53  Factory  
  20  1:57  SCV  
  21  2:07  Barracks Reactor  
  21  2:08  Supply Depot  
  21  2:10  SCV  
  22  2:16  Refinery  
  22  2:22  SCV  
  23  2:33  Bunker  
  23  2:34  SCV  
  24  2:40  Engineering Bay  
  24  2:44  Cyclone  
  24  2:48  Marine  
  24  2:49  Marine  
  29  2:54  SCV  
  30  3:02  Orbital Command  
  29  3:06  SCV  
  29  3:08  Marine  
  31  3:15  Missile Turret  
  31  3:19  Marine  
  32  3:23  Widow Mine  
  32  3:26  Marine  
  35  3:28  SCV  
  36  3:37  Marine  
  37  3:42  Starport  
  37  3:44  Marine  
  38  3:54  Marine, Factory Tech Lab  
  38  3:55  SCV  
  40  4:02  Marine  
  41  4:07  SCV  
  42  4:12  Marine  
  42  4:13  Siege Tank  
  42  4:14  Orbital Command  
  46  4:21  Marine  
  46  4:24  Supply Depot  
  46  4:25  Viking  
  46  4:28  SCV  
  49  4:33  Marine  
  50  4:39  Marine  
  50  4:40  Barracks  
  50  4:41  Barracks  
  50  4:42  SCV  
  50  4:44  SCV  
  48  4:50  Missile Turret  
  48  4:55  SCV  
  48  4:57  Marine  
  50  5:00  Starport Tech Lab  
  50  5:04  SCV  
  51  5:11  Terran Infantry Weapons Level 1  
  51  5:12  SCV  
  52  5:16  SCV  
  52  5:18  Factory Reactor  
  51  5:24  Marine x2, SCV  
  55  5:28  SCV  
  55  5:36  SCV, Starport Reactor  
  55  5:40  SCV  
  55  5:41  Stimpack, Marine, Combat Shields  
  55  5:42  Marine x2  
  60  5:44  Marine  
  60  5:49  SCV, Supply Depot  
  62  5:53  Supply Depot  
  62  6:02  Refinery  
  62  6:10  Marine x4, SCV x2  
  68  6:13  Medivac  
  68  6:17  Medivac  
  72  6:22  SCV x2  
  74  6:26  Widow Mine, Supply Depot  
  74  6:28  Marine x2  
  74  6:32  Supply Depot  
  78  6:38  SCV  
  78  6:53  Marine x3, Widow Mine, Supply Depot  
  78  6:54  SCV x2  
  85  6:55  Marine, Medivac  
  88  7:01  Medivac  
  88  7:03  Widow Mine  
  88  7:06  Terran Infantry Armor Level 1, SCV  
  93  7:10  Supply Depot  
  93  7:11  Marine  
  93  7:13  Supply Depot  
  93  7:15  Marine x3, SCV  
  98  7:21  Refinery  
  96  7:23  SCV  
  96  7:25  Medivac  
  96  7:29  Marine, Supply Depot  
  100  7:31  Widow Mine  
  100  7:32  Marine x3  
  105  7:42  Concussive Shells  
  103  7:46  Widow Mine  
  103  7:47  Marine  
  103  7:50  Marine  
  103  7:51  Marauder  
  90  7:55  Marine  
  90  7:56  SCV x2  
  84  8:05  Marine, Command Center  
  81  8:06  Medivac  
  81  8:09  Marauder  
  81  8:10  Widow Mine  
  81  8:12  Marine  
  88  8:13  Marine  
  89  8:23  Marine  
  89  8:26  Barracks  
  89  8:29  Barracks  
  89  8:30  Marauder x2  
  89  8:31  Marine, Widow Mine  
  96  8:40  Marine  
  96  8:43  Liberator  
  96  8:44  Liberator  
  92  8:49  Marine  
  92  8:51  Marauder x2  
  95  8:58  Widow Mine  
  95  8:59  Widow Mine  
  103  9:03  SCV x2  
  105  9:10  Marine, Engineering Bay  
  105  9:13  Marauder x2, Armory  
  110  9:17  Marine  
  110  9:18  SCV x2  
  113  9:30  SCV  
  113  9:31  SCV  
  113  9:32  Widow Mine x2  
  113  9:33  Marine  
  113  9:34  Marauder, Marine  
  113  9:37  Barracks Tech Lab  
  121  9:41  Marine  
  121  9:43  SCV  
  123  9:46  Supply Depot  
  123  9:51  Marine, SCV  
  123  9:52  Marauder, Orbital Command  
  127  9:55  SCV  
  127  9:56  Marauder  
  130  10:00  Marauder  
  130  10:03  SCV, Marine  
  132  10:07  SCV  
  132  10:11  Terran Infantry Weapons Level 2  
  132  10:12  Terran Infantry Armor Level 2  
  133  10:15  Barracks Reactor, SCV  
  133  10:17  Marauder  
  133  10:19  SCV x2  
  138  10:21  Medivac  
  138  10:23  Marauder, Orbital Command  
  138  10:26  Widow Mine  
  138  10:28  Marauder  
  146  10:34  SCV  
  146  10:35  Marine  
  143  10:38  Marauder  
  129  10:45  Marauder  
  129  10:48  SCV  
  125  10:50  Marauder, Marine, Widow Mine  
  125  10:53  Marine  
  125  10:54  SCV  
  125  10:56  SCV  
  133  11:00  SCV  
  133  11:01  Marauder, Marine  
  133  11:03  Marine  
  134  11:06  SCV  
  134  11:08  SCV  
  136  11:13  Supply Depot  
  136  11:17  Widow Mine  
  138  11:19  Medivac  
  138  11:21  Marauder, Marine x4  
  138  11:22  Marine x2, Widow Mine  
  144  11:28  Medivac  
  146  11:39  Marine x4  
  150  11:40  Marauder x2  
  150  11:43  Marauder  
  150  11:46  Barracks  
  156  11:47  Barracks  
  156  11:50  Barracks  
  156  11:53  Supply Depot  
  156  11:55  Supply Depot  
  156  11:57  Supply Depot  
  156  11:58  Marine  
  157  12:03  Medivac x2, Supply Depot  
  157  12:04  Marauder x2  
  165  12:11  Marine  
  165  12:13  Marine x2  
  165  12:14  Marauder, Widow Mine x2  
  167  12:16  Liberator, Marine  
  166  12:25  Marine x2  
  166  12:29  Marine  
  153  12:30  Marine  
  134  12:41  Marine  
  110  12:45  SCV  
  95  12:55  SCV  
  95  12:56  Marine  
  95  12:57  Marine  
  72  13:03  SCV  
Show
View Real Time Build Order
Export as new Build Order

PtitDrogo Protoss - Winner!

Build Orders: Oracle Opening, Phoenix Opening 

Get SALT Encoding   

  12  0:01  Probe (Chrono Boost)  
  13  0:11  Probe (Chrono Boost)  
  14  0:18  Pylon  
  14  0:23  Probe (Chrono Boost)  
  15  0:36  Probe (Chrono Boost)  
  15  0:37  Gateway  
  15  0:41  Assimilator  
  16  0:47  Probe (Chrono Boost)  
  17  0:51  Assimilator  
  17  0:57  Probe (Chrono Boost)  
  18  1:08  Probe (Chrono Boost)  
  20  1:18  Probe (Chrono Boost)  
  20  1:24  Cybernetics Core  
  20  1:29  Probe (Chrono Boost)  
  21  1:33  Pylon  
  21  1:40  Probe (Chrono Boost)  
  22  1:50  Probe (Chrono Boost)  
  25  2:01  Mothership Core (Chrono Boost)  
  25  2:03  Stargate  
  25  2:04  Adept (Chrono Boost)  
  27  2:32  Nexus  
  27  2:34  Warp Gate  
  27  2:38  Probe  
  27  2:39  Pylon  
  30  2:47  Oracle (Chrono Boost)  
  31  2:57  Probe, Adept  
  34  3:09  Probe  
  35  3:19  Oracle (Chrono Boost)  
  38  3:21  Probe  
  39  3:43  Probe  
  39  3:44  Probe, Pylon  
  41  3:54  Probe  
  41  3:56  Probe  
  41  3:58  Phoenix (Chrono Boost)  
  45  4:05  Probe  
  45  4:08  Probe  
  47  4:15  Probe  
  48  4:24  Phoenix (Chrono Boost)  
  48  4:25  Probe  
  48  4:26  Probe  
  52  4:35  Nexus  
  52  4:36  Probe, Pylon  
  52  4:37  Probe  
  54  4:47  Probe, Gateway  
  54  4:49  Probe  
  54  4:50  Phoenix (Chrono Boost)  
  58  4:53  Gateway  
  58  4:58  Assimilator  
  58  5:00  Probe, Assimilator  
  58  5:02  Probe  
  58  5:04  Twilight Council  
  60  5:09  Forge  
  60  5:11  Probe  
  61  5:16  Probe  
  62  5:22  Phoenix (Chrono Boost)  
  62  5:23  Probe  
  65  5:28  Probe  
  65  5:32  Resonating Glaives  
  65  5:33  Probe  
  67  5:38  Gateway  
  67  5:40  Gateway  
  67  5:41  Probe, Gateway  
  68  5:45  Protoss Ground Weapons Level 1 (Chrono Boost)  
  68  5:48  Probe  
  68  5:49  Probe  
  70  5:58  Probe, Phoenix  
  70  5:59  Probe  
  70  6:01  Probe  
  70  6:03  Gateway  
  75  6:07  Gateway  
  75  6:09  Probe  
  76  6:12  Sentry  
  76  6:14  Probe  
  79  6:21  Probe  
  79  6:22  Probe  
  79  6:23  Phoenix  
  79  6:24  Pylon  
  83  6:26  Probe  
  83  6:31  Probe  
  83  6:32  Pylon  
  84  6:39  Pylon  
  85  6:42  Probe  
  85  6:45  Adept x2  
  85  6:46  Pylon  
  90  6:48  Phoenix  
  90  6:50  Pylon  
  92  7:00  Adept x4  
  100  7:06  Adept x3  
  106  7:12  Adept  
  106  7:13  Phoenix  
  110  7:18  Pylon  
  110  7:26  Adept x5  
  110  7:27  Adept x2  
  124  7:31  Pylon  
  124  7:40  Phoenix  
  110  7:57  Adept x4  
  110  7:58  Adept x4  
  121  8:05  Phoenix  
  121  8:06  Probe  
  121  8:08  Probe  
  121  8:10  Assimilator  
  123  8:13  Photon Cannon  
  123  8:16  Assimilator  
  123  8:19  Probe  
  123  8:20  Probe x2  
  123  8:23  Robotics Facility  
  123  8:24  Nexus  
  123  8:25  Pylon  
  126  8:29  Protoss Ground Armor Level 1 (Chrono Boost), Probe  
  126  8:32  Probe x2  
  129  8:51  Phoenix  
  131  9:02  Adept x6  
  140  9:06  Probe, Pylon  
  140  9:07  Pylon  
  140  9:09  Pylon  
  141  9:14  Pylon  
  141  9:17  Robotics Bay  
  141  9:19  Robotics Facility  
  141  9:23  Oracle  
  145  9:24  Observer (Chrono Boost)  
  145  9:34  Probe  
  146  9:40  Adept x8  
  146  9:43  Warp Prism (Chrono Boost)  
  164  9:51  Probe  
  165  9:53  Photon Cannon  
  165  9:56  Assimilator  
  165  9:57  Pylon  
  165  10:00  Assimilator  
  165  10:09  Adept  
  165  10:10  Adept x7  
  187  10:19  Colossus (Chrono Boost)  
  187  10:20  Colossus (Chrono Boost)  
  175  10:49  Probe x2  
  171  10:51  Protoss Ground Weapons Level 2  
  171  10:53  Pylon  
  171  10:55  Pylon  
  171  10:58  Pylon  
  171  11:05  Disruptor (Chrono Boost)  
  171  11:10  Pylon  
  180  11:14  Colossus (Chrono Boost)  
  180  11:29  Stalker x8  
  180  11:32  Pylon  
  196  11:34  Pylon  
  196  11:35  Forge  
  196  11:36  Photon Cannon  
  196  11:38  Photon Cannon  
  196  11:52  Stalker x2  
  200  11:55  Templar Archives  
  200  11:56  Dark Shrine  
  196  12:24  Stalker x2  
  186  12:37  Adept x6  
  155  12:57  Adept x4  
  155  12:58  Adept x3  
Tags
 
Add a new tag
Caveats
  • Supply blocks, unpowered buildings, or Contaminate may cause inaccurate times.
  • Supply counts are checked every 10 seconds.